Description

For personal use.

Replay - Serral v ShoWTimE: Game 2 - Eternal Empire LE

Build Order

Get SALT Encoding   

  13  0:12  Overlord  
  16  0:48  Hatchery  
  18  1:09  Extractor  
  17  1:14  Spawning Pool  
  20  1:49  Overlord  
  20  2:00  Queen x2  
  26  2:13  Metabolic Boost  
  32  2:40  Hatchery  
  31  2:48  Queen  
  33  2:54  Overlord  
  35  3:14  Overlord  
  40  3:22  Zergling  
  40  3:24  Queen  
  43  3:30  Spore Crawler  vs oracle at main
  43  3:38  Spore Crawler  natural
  44  3:45  Overlord  
  44  3:46  Zergling  
  48  3:52  Queen  
  64  4:32  Lair  
  64  4:35  Extractor  
  64  4:39  Roach Warren  
  69  4:56  Extractor  
  69  4:58  Evolution Chamber  
  77  5:25  Hatchery  
  77  5:26  Zerg Melee Weapons Level 1  
  78  5:30  Extractor x2  
  77  5:39  Extractor  
  77  5:40  Overseer  
  85  6:01  Spire  
  84  6:06  Glial Reconstitution  
  84  6:08  Roach x3  
  84  6:10  Pneumatized Carapace  
  89  6:12  Overseer  
  88  6:24  Roach  
  110  6:40  Ravager  
  128  7:08  Baneling Nest  
  139  8:00  Hatchery, Mutalisk  
  161  8:07  Centrifical Hooks  
  176  8:35  Infestation Pit  
  197  9:50  Zerg Melee Weapons Level 2  Throw down 2nd evo after max
Spawning Tool Build Advisor. Get it on Overwolf

Go to:

Details

  • Created by: TinyPumpkin
  • Published on: Aug 11, 2020
  • Modified on: Aug 11, 2020
  • Patch: 4.11.0
  • Difficulty: Easy
Show
View Real Time Build Order
Export as new Build Order

Comments (0)

There are no comments. Be the first!

Create an account to comment!